Map: Apotheosis LE

Players

Fropez - Winner!

  • Race: Protoss Protoss
  • League: Gold
  • Spawn Location: 5:00

BASICS

  • Race: Terran Terran
  • League: Gold
  • Spawn Location: 11:00

VOD

Have the link to the VOD?

Description

Time

  • Played on: Aug. 22, 2016, 5:29 p.m.
  • Length: 12:49
Show
View Real Time Build Order
Export as new Build Order

Fropez Protoss - Winner!

Build Orders: 1 Gate Expand 

Get SALT Encoding   

  12  0:01  Probe (Chrono Boost)  
  13  0:20  Probe (Chrono Boost)  
  14  0:21  Pylon  
  14  0:46  Gateway  
  14  0:47  Gateway  
  14  0:57  Gateway  
  14  0:59  Probe (Chrono Boost)  
  15  1:09  Probe (Chrono Boost)  
  16  1:42  Nexus  
  16  1:43  Pylon  
  16  1:52  Probe (Chrono Boost)  
  17  1:55  Assimilator  
  17  2:02  Cybernetics Core  
  17  2:05  Probe (Chrono Boost)  
  18  2:19  Probe (Chrono Boost)  
  18  2:21  Assimilator  
  20  2:30  Probe (Chrono Boost)  
  20  2:39  Assimilator  
  20  2:41  Assimilator  
  20  3:10  Probe (Chrono Boost)  
  21  3:12  Stargate  
  21  3:15  Probe (Chrono Boost)  
  22  3:21  Mothership Core (Chrono Boost)  
  24  3:33  Probe (Chrono Boost)  
  24  3:34  Stargate  
  25  3:47  Pylon  
  25  3:52  Pylon  
  25  3:57  Pylon  
  25  4:10  Oracle (Chrono Boost)  
  28  4:28  Pylon  
  28  4:34  Pylon  
  28  5:15  Void Ray (Chrono Boost)  
  28  5:18  Void Ray (Chrono Boost)  
  36  5:29  Probe  
  36  5:31  Probe  
  38  5:37  Gateway  
  39  5:42  Probe  
  39  5:49  Probe  
  40  5:58  Warp Gate  
  40  6:05  Probe x2  
  42  6:16  Void Ray (Chrono Boost)  
  46  6:30  Void Ray (Chrono Boost)  
  50  6:53  Void Ray (Chrono Boost)  
  54  7:04  Probe  
  54  7:05  Twilight Council, Probe  
  56  7:34  Void Ray (Chrono Boost)  
  56  7:35  Void Ray (Chrono Boost)  
  64  7:43  Charge  
  64  7:47  Probe  
  64  7:49  Probe  
  66  7:53  Protoss Air Weapons Level 1  
  66  8:04  Probe x2  
  68  8:12  Void Ray (Chrono Boost)  
  72  8:16  Probe x2  
  74  8:25  Void Ray (Chrono Boost)  
  78  9:00  Pylon  
  78  9:10  Pylon  
  78  9:14  Pylon  
  75  9:19  Void Ray x2 (Chrono Boost)  
  83  9:40  Pylon  
  83  9:47  Pylon  
  83  9:56  Void Ray x2 (Chrono Boost)  
  55  11:31  Nexus  
  54  12:00  Nexus  
  54  12:10  Nexus  
  54  12:27  Pylon  
  54  12:43  Pylon  
  54  12:45  Pylon  
Show
View Real Time Build Order
Export as new Build Order

BASICS Terran 

Build Orders:  

Get SALT Encoding   

  12  0:01  SCV  
  13  0:13  SCV  
  14  0:19  Supply Depot  
  14  0:25  SCV  
  15  0:36  Refinery  
  15  0:40  SCV  
  16  0:47  Barracks  
  16  0:52  SCV  
  17  1:04  SCV, Refinery  
  18  1:13  Supply Depot  
  18  1:17  SCV  
  19  1:34  Marine, Orbital Command  
  20  1:46  Factory  
  20  1:52  Marine  
  21  1:59  SCV  
  22  2:11  Supply Depot  
  22  2:14  Marine, SCV  
  24  2:26  SCV  
  25  2:30  Factory Tech Lab  
  25  2:33  Marine  
  25  2:34  Starport  
  26  2:38  SCV  
  27  2:49  Siege Tank  
  27  2:50  SCV  
  27  2:51  Marine  
  32  3:02  SCV  
  33  3:09  Marine  
  33  3:10  Medivac  
  36  3:21  Siege Tank  
  39  3:41  Command Center  
  39  3:45  Supply Depot  
  39  4:01  Supply Depot  
  39  4:03  Supply Depot  
  39  4:06  Marine, SCV  
  39  4:07  Siege Tank  
  44  4:12  Supply Depot  
  44  4:18  SCV  
  45  4:29  Marine  
  46  4:39  Siege Tank  
  49  4:46  Marine  
  48  5:04  Marine  
  45  5:22  Marine  
  45  5:26  Orbital Command  
  45  5:27  Barracks  
  46  5:28  Viking  
  46  5:30  Siege Tank  
  51  5:40  Marine  
  52  5:47  SCV  
  53  5:55  Barracks x2  
  53  5:58  Marine  
  53  5:59  Barracks  
  53  6:03  Supply Depot  
  54  6:05  Siege Tank  
  57  6:15  Marine  
  58  6:20  SCV  
  59  6:27  SCV  
  59  6:29  Barracks Reactor  
  59  6:32  SCV  
  61  6:33  Marine  
  61  6:34  Medivac  
  61  6:39  SCV  
  65  6:44  Barracks Reactor, SCV  
  65  6:46  Barracks Reactor x2  
  66  6:52  SCV  
  66  6:53  Supply Depot  
  67  6:57  Supply Depot  
  67  6:58  Supply Depot  
  67  7:00  SCV  
  67  7:01  Marine, Refinery x2  
  68  7:03  Viking  
  68  7:04  SCV  
  68  7:06  Siege Tank  
  70  7:19  Marine  
  67  7:28  Marine x3  
  67  7:29  Marine x2  
  71  7:36  SCV x2  
  73  7:48  SCV x2  
  73  7:51  Barracks Reactor  
  75  7:54  Supply Depot  
  75  8:00  SCV  
  76  8:12  Marine  
  76  8:13  Marine x3  
  76  8:14  Siege Tank  
  76  8:16  Command Center  
  83  8:25  SCV x2  
  82  8:37  Marine, SCV x2  
  82  8:38  Marine x5  
  87  8:48  Marine  
  86  8:51  Marine x2  
  86  8:52  Marine  
  86  8:54  Viking  
  92  8:56  Marine x2  
  92  8:57  Marine x3  
  97  9:09  Marine x2  
  98  9:10  Marine x3  
  98  9:14  Marine  
  103  9:25  Marine x2  
  103  9:26  Marine x2  
  103  9:27  Marine  
  108  9:37  SCV  
  108  9:38  SCV  
  110  9:41  Marine  
  110  9:42  Marine x3  
  114  9:58  Command Center  
Tags
 
League
GoldGold
Matchup
PvT
Replay Pack
All Mines
Spawn Locations
Cross Positions
Add a new tag
Caveats
  • Supply blocks, unpowered buildings, or Contaminate may cause inaccurate times.
  • Supply counts are checked every 10 seconds.